 Dungeon Crawl Stone Soup version 0.29-a0-251-g80730f7218 (webtiles) character file.

Game seed: 10837709006390244627

138275 drugrobin the Severer (level 16, 0/339 HPs)
             Began as a Demigod Fighter on Mar 6, 2022.
             Succumbed to a guardian serpent's bolt of poison
             ... on level 3 of the Snake Pit.
             The game lasted 01:51:35 (44672 turns).

drugrobin the Severer (Demigod Fighter)            Turns: 44672, Time: 01:51:36

Health: 0/339      AC: 28    Str: 29    XL:     16   Next: 20%
Magic:  10/19      EV:  2    Int: 18    God:
Gold:   1198       SH:  8    Dex: 16    Spells: 15/15 levels left

rFire   . . .      SeeInvis +   a - +3 broad axe (distort)
rCold   + + .      Faith    .   S - +2 buckler {rC+}
rNeg    . . .      Spirit   +   (body armour currently unavailable)
rPois   +          Reflect  .   (helmet currently unavailable)
rElec   .          Harm     .   (cloak currently unavailable)
rCorr   +          Rampage  .   (gloves currently unavailable)
Will    ++...      NoTele   +   (boots currently unavailable)
Stlth   ..........              U - amulet "Uthunuzxot" {Spirit rC+ rCorr Dex+3 SInv}
HPRegen 0.66/turn               w - +4 ring of slaying
MPRegen 0.16/turn               L - ring of willpower

@: berserking, lethally poisoned (0 -> -6), tree-form, very quick
A: stationary, stasis, torment immunity, boosted hp, high MP 1, forlorn, divine
attributes
a: no special abilities


You were on level 3 of the Snake Pit.
You were a tree.
You visited 5 branches of the dungeon, and saw 24 of its levels.
You also visited: Ossuary and Ice Cave.

You collected 3932 gold pieces.
You spent 2734 gold pieces at shops.

Inventory:

Hand Weapons
 a - a +3 broad axe of distortion (weapon)
Missiles
 c - 3 throwing nets
 m - 3 javelins
 K - a curare-tipped dart
 O - 6 silver boomerangs (quivered)
Armour
 l - +3 storm dragon scales {Bai Suzhen}
 n - the +0 helmet of Reason (melded) {Will+}
   (You bought it in a shop on level 2 of the Orcish Mines)

   Will:      It increases your willpower.
 o - a +1 pair of boots of rampaging (melded)
 u - the +7 plate armour of Proximity (melded) {Regen+ Int-5 Stlth+}
   (You bought it in a shop on level 2 of the Orcish Mines)

   Int:       It affects your intelligence (-5).
   Regen:     It increases your rate of health regeneration.
   Stlth:     It makes you more stealthy.
 E - a +0 pair of gloves of strength (melded)
 J - a +1 cloak of cold resistance (melded)
 N - +0 fire dragon scales
 S - a +2 buckler of cold resistance (worn)
Jewellery
 w - a +4 ring of slaying (left branch)
 L - a ring of willpower (right branch)
 U - the amulet "Uthunuzxot" (around neck) {Spirit rC+ rCorr Dex+3 SInv}
   (You bought it in a shop on level 4 of the Snake Pit)

   [amulet of guardian spirit]

   It causes incoming damage to be divided between your reserves of health and
   magic.
   Dex:       It affects your dexterity (+3).
   rC:        It protects you from cold.
   SInv:      It lets you see invisible.
   rCorr:     It protects you from acid and corrosion.
 Z - a ring of flight
Wands
 i - a wand of paralysis (17)
 s - a wand of mindburst (15)
 t - a wand of acid (19)
 y - a wand of polymorph (6)
 G - a wand of charming (6)
 M - a wand of iceblast (6)
Scrolls
 b - a scroll of silence
 f - 3 scrolls of vulnerability
 g - a scroll of immolation
 k - a scroll of fear
 p - 3 scrolls of teleportation
 x - a scroll of enchant weapon
 A - a scroll of brand weapon {unknown}
 Q - 3 scrolls of holy word
 T - a scroll of enchant armour
Potions
 h - a potion of cancellation
 j - 3 potions of lignification
 r - a potion of berserk rage
 v - a potion of ambrosia {unknown}
 z - 3 potions of attraction
 B - 2 potions of mutation
 C - 3 potions of invisibility
 D - 4 potions of haste
 F - 3 potions of magic {unknown}
 R - 2 potions of resistance {unknown}
Miscellaneous
 d - a tin of tremorstones (2/2)
 e - a condenser vane


   Skills:
 + Level 15.9 Fighting
 + Level 16.6 Axes
 + Level 13.7 Armour
 - Level 10.3 Dodging
 + Level 9.2 Shields


You had 15 spell levels left.
You didn't know any spells.
Your spell library contained the following spells:

 Spells                   Type           Power      Damage    Failure   Level
 Beastly Appendage        Tmut           0%         N/A       26%         1
 Foxfire                  Conj/Fire      0%         2x1d4     26%         1
 Summon Small Mammal      Summ           0%         N/A       26%         1
 Corpse Rot               Necr/Air       0%         N/A       38%         2
 Ensorcelled Hibernation  Hex/Ice        0%         N/A       38%         2
 Passwall                 Tmut/Erth      0%         N/A       38%         2
 Poisonous Vapours        Pois/Air       0%         N/A       38%         2
 Wereblood                Tmut           0%         N/A       38%         2
 Call Canine Familiar     Summ           0%         N/A       63%         3
 Conjure Flame            Conj/Fire      0%         6-21      63%         3
 Inner Flame              Hex/Fire       0%         N/A       63%         3
 Spider Form              Tmut/Pois      0%         N/A       63%         3
 Summon Guardian Golem    Hex/Summ       0%         N/A       63%         3
 Swiftness                Air            0%         N/A       63%         3
 Airstrike                Air            0%         N/A       95%         4
 Animate Armour           Summ/Erth      0%         N/A       95%         4
 Flame Wave               Conj/Fire      0%         2d4       95%         4
 Leda's Liquefaction      Hex/Erth       0%         N/A       95%         4
 Summon Lightning Spire   Summ/Air       0%         N/A       95%         4
 Blade Hands              Tmut           0%         N/A       100%        5
 Lee's Rapid Deconstruct  Erth           0%         3d5*      100%        5
 Lightning Bolt           Conj/Air       0%         1d11      100%        5
 Summon Forest            Summ/Tloc      0%         N/A       100%        5
 Summon Mana Viper        Hex/Summ       0%         N/A       100%        5
 Conjure Ball Lightning   Conj/Air       0%         3x3d6     100%        6
 Iron Shot                Conj/Erth      0%         9d1       100%        6
 Statue Form              Tmut/Erth      0%         N/A       100%        6
 Summon Cactus Giant      Summ           0%         N/A       100%        6
 Discord                  Hex            0%         N/A       100%        8
 Disjunction              Tloc           0%         N/A       100%        8


Dungeon Overview and Level Annotations

Branches:
Dungeon (11/15)            Temple (1/1) D:4            Lair (6/6) D:8
 Shoals (0/4) Lair:2        Snake (4/4) Lair:3        Slime (0/5) Lair:5
    Orc (2/2) D:10            Elf (0/3) Orc:2       Ossuary (visited)
  IceCv (visited)

Shops:
D:1 :   D:3 (   D:7 (   Orc:1 *[(?[   Orc:2 (=*:[   Snake:4 *

Annotations:
D:10 2 transporters, howech's ghost, novice MiGl
Lair:2 Rupert
Snake:2 Vashnia
Abyss:1 Saint Roka


Innate Abilities, Weirdness & Mutations

You are a tree.
Your roots penetrate the ground, keeping you stationary.
You cannot be teleported.
You are immune to unholy pain and torment.
Your maximum health is greatly increased.
Your equipment is partially melded.
You have an increased reservoir of magic. (+10% MP)
You shall have no god before yourself.
Your divine heritage dramatically boosts your attributes as you level up.


Message History

The guardian serpent coils itself and waves its upper body at you.
The bolt of poison hits you.
You are more poisoned.
* * * LOW HITPOINT WARNING * * *
You climb upwards.
* * * LOW HITPOINT WARNING * * *
You feel extremely sick.
There is a stone staircase leading down here.
* * * LOW HITPOINT WARNING * * *
You feel very sick.
* * * LOW HITPOINT WARNING * * *
You feel very sick.
It was a potion of flight.
You feel very buoyant.
You fly up into the air.
* * * LOW HITPOINT WARNING * * *
You feel very sick.
Really quaff the potion of lignification?
You turn into a tree.
Your +1 cloak of cold resistance melds into your body.
The +0 helmet of Reason {Will+} melds into your body.
Your +0 pair of gloves of strength melds into your body.
Your +1 pair of boots of rampaging melds into your body.
The +7 plate armour of Proximity {Regen+ Int-5 Stlth+} melds into your body.
You feel less resistant to cold.
You feel weaker.
You no longer feel able to rampage towards enemies.
Your roots penetrate the ground.
* * * LOW HITPOINT WARNING * * *
You feel very sick.
Unknown command.
It was a potion of berserk rage.
A red film seems to cover your vision as you go berserk!
You feel yourself moving faster!
You feel mighty!
* * * LOW HITPOINT WARNING * * *
You feel very sick.
You are too berserk!
Unknown command.
You feel a strong urge to attack something.
You die...

..♣.♣≈≈.....# #..###....# #.# #
P.).≈.......# ##..##.#### #.###
.)..♣..)....# #.......### #....
.#######....## #.........# #..##
......##.....###.######### #..#
......##......##.# ##..#
......##.........# #...#
......##.........# #..###
.....[######....♣# #..### ......#
#.....# ##..... ####### #.....#
###.(..## #.....# ######....###
#.....# #..........# # ###
####### #..........# # >.#######
#..........# #
#.......###################.#####
#######..........................


There were no monsters in sight!

Vanquished Creatures
  Bai Suzhen (Snake:4)
  Asterion (Snake:2)
  Roxanne (Snake:1)
  A nagaraja (Snake:4)
  Aizul (Snake:1)
  2 orc warlords (Orc:1)
  A reaper (IceCv)
  12 naga warriors
  A fire dragon (Lair:6)
  2 catoblepae (Lair:6)
  3 boulder beetles
  9 hydras
  2 salamander tyrants
  4 two-headed ogres
  8 anacondas
  12 death yaks
  8 naga sharpshooters
  6 orc high priests
  3 shock serpents
  2 salamander mystics (Snake:3)
  2 naga ritualists
  A lindwurm (Lair:6)
  5 orc knights
  6 mana vipers
  5 orc sorcerers
  An oklob plant (Lair:3)
  An ugly thing (D:6)
  15 salamanders
  7 guardian serpents
  14 naga magi
  32 black mambas
  2 merfolk sirens (Lair:2)
  An eye of devastation (Lair:5)
  11 elephants
  2 molten gargoyles (Lair:6)
  An ice statue (IceCv)
  11 cane toads
  5 rime drakes
  An anaconda simulacrum (IceCv)
  8 komodo dragons
  An ice devil (IceCv)
  A hornet (D:10)
  4 trolls
  2 merfolk (Lair:2)
  3 polar bears
  11 blink frogs
  2 shadows
  A dire elephant simulacrum (IceCv)
  6 wyverns
  2 wraiths
  54 yaks
  5 basilisks
  Grum (D:8)
  3 steam dragons
  6 wargs
  Menkaure (D:7)
  46 nagas
  2 harpy simulacra (IceCv)
  2 death yak simulacra (IceCv)
  14 water moccasins
  A floating eye (Lair:5)
  5 hell hounds (Lair:6)
  42 orc warriors
  2 sky beasts (D:6)
  2 black bears
  2 ice beasts
  18 wolves
  5 ogres
  A phantom (D:6)
  4 centaurs
  11 bullfrogs
  2 kobold brigands
  4 necrophages
  A gnoll sergeant (D:10)
  A cane toad simulacrum (IceCv)
  4 two-headed ogre simulacra (IceCv)
  3 scorpions
  11 killer bees
  2 howler monkeys
  3 electric eels (Lair:2)
  4 lava snakes (Lair:6)
  3 centaur zombies (Ossuary)
  2 jellies
  2 hounds
  21 orc priests
  Jessica (D:2)
  3 iguanas
  19 orc wizards
  A polar bear simulacrum (IceCv)
  5 hell rats (Lair:2)
  8 troll simulacra (IceCv)
  3 wolf simulacra (IceCv)
  4 spriggan simulacra (IceCv)
  6 mummies (Ossuary)
  5 gnolls (D:10)
  7 adders
  4 naga simulacra (IceCv)
  5 white imps (IceCv)
  9 ufetubi
  4 worms
  2 dart slugs (D:1)
  91 orcs
  12 ball pythons
  A bat (D:1)
  7 endoplasms
  5 giant cockroaches
  11 goblins
  8 hobgoblins
  6 jackals
  2 quokkas (D:1)
  10 frilled lizards
  3 hobgoblin zombies (Ossuary)
  16 kobolds
  6 rats
798 creatures vanquished.

Vanquished Creatures (others)
  60 fungi
  103 plants
163 creatures vanquished.

Grand Total: 961 creatures vanquished

Notes
Turn   | Place    | Note
-------+----------+-------------------------------------------
     0 | D:1      | drugrobin the Demigod Fighter began the quest for the Orb.
     0 | D:1      | Reached XP level 1. HP: 18/18 MP: 3/3
    13 | D:1      | Reached skill level 2 in Axes
   213 | D:1      | Reached XP level 2. HP: 25/25 MP: 4/4
   217 | D:1      | Found Lydis's Book Shop.
   512 | D:1      | Reached skill level 3 in Axes
   872 | D:1      | Reached XP level 3. HP: 27/30 MP: 5/5
  1276 | D:2      | Noticed Jessica
  1284 | D:2      | Killed Jessica
  1285 | D:2      | Reached skill level 4 in Axes
  1648 | D:2      | Reached XP level 4. HP: 33/37 MP: 6/6
  2539 | D:3      | Found Raghocs's Weapon Shop.
  3432 | D:4      | Noticed a necrophage
  3441 | D:4      | Killed a necrophage
  3442 | D:4      | Reached skill level 5 in Axes
  3442 | D:4      | Reached XP level 5. HP: 38/42 MP: 7/7
  3721 | D:4      | Noticed a yak
  3739 | D:4      | Killed a yak
  3740 | D:4      | Reached XP level 6. HP: 41/51 MP: 8/8
  3832 | D:4      | Noticed a yak
  3832 | D:4      | Noticed a yak
  3849 | D:4      | Killed a yak
  3850 | D:4      | Reached skill level 6 in Axes
  3967 | D:4      | Found a staircase to the Ecumenical Temple.
  4125 | D:4      | Killed a yak
  4126 | D:4      | Reached XP level 7. HP: 31/59 MP: 9/9
  4396 | Temple   | Entered the Ecumenical Temple
  5029 | D:5      | Entered Level 5 of the Dungeon
  5151 | D:5      | Identified the +3 ring mail "Pylyiw" {rElec Str+4}
  5186 | D:5      | Noticed a troll
  5610 | D:5      | Reached skill level 1 in Dodging
  6636 | D:6      | Reached skill level 5 in Fighting
  6636 | D:6      | Reached skill level 7 in Axes
  6636 | D:6      | Reached XP level 8. HP: 64/68 MP: 10/10
  7536 | D:6      | Killed a troll
  8447 | D:6      | Reached skill level 8 in Axes
  8453 | D:6      | Reached XP level 9. HP: 59/78 MP: 11/11
  8582 | D:6      | Noticed a white ugly thing
  8605 | D:6      | Killed a white ugly thing
  8606 | D:6      | Reached skill level 5 in Dodging
  9275 | D:7      | Found a sand-covered staircase.
  9284 | Ossuary  | Entered an ossuary
  9618 | D:7      | Identified the +0 helmet of the Other Side {rC+ rCorr
                  | Int+3}
  9707 | D:7      | Noticed Menkaure
  9717 | D:7      | Killed Menkaure
  9752 | D:7      | Identified the +9 mace "Lirroinaosaf" {pain, Int+6 SInv}
 10283 | D:7      | Found Gaysch's Weapon Emporium.
 10546 | D:8      | Noticed Grum
 10820 | D:8      | Killed Grum
 10821 | D:8      | Reached skill level 9 in Axes
 11207 | D:8      | Found a staircase to the Lair.
 11883 | D:9      | Reached XP level 10. HP: 84/88 MP: 13/13
 12108 | D:9      | Noticed a two-headed ogre
 12492 | D:9      | Killed a two-headed ogre
 12509 | D:9      | Noticed a blizzard demon
 12978 | D:9      | Noticed a two-headed ogre
 12984 | D:9      | Killed a two-headed ogre
 13182 | D:10     | Entered Level 10 of the Dungeon
 13297 | D:10     | Found a staircase to the Orcish Mines.
 13312 | D:10     | Reached skill level 10 in Axes
 13387 | D:10     | Noticed an eight-headed hydra
 13395 | D:10     | Killed an eight-headed hydra
 13725 | D:10     | Identified the +2 robe "Jiuf" {rC+ rCorr Str-2}
 13725 | D:10     | Noticed a centaur warrior
 13744 | D:10     | Noticed howech's ghost (novice MiGl)
 13773 | D:10     | Found a transporter.
 13777 | D:10     | Noticed a manticore
 14058 | D:10     | Found a transporter.
 14324 | D:11     | Identified a scroll of acquirement
 14324 | D:11     | Acquired 943 gold pieces
 14482 | D:11     | Noticed a skeletal warrior
 14485 | D:11     | Found a frozen archway.
 14490 | D:11     | Noticed a skeletal warrior
 14490 | D:11     | Noticed a two-headed ogre
 14491 | D:11     | Noticed a skeletal warrior
 14494 | IceCv    | Entered an ice cave
 16196 | IceCv    | Noticed an ice statue
 16229 | IceCv    | Killed an ice statue
 16230 | IceCv    | Reached XP level 11. HP: 54/97 MP: 14/14
 16275 | IceCv    | Noticed a reaper
 16796 | IceCv    | Killed a reaper
 17288 | D:10     | Noticed a two-headed ogre
 17315 | D:10     | Killed a two-headed ogre
 17457 | D:10     | Reached skill level 11 in Axes
 17569 | D:10     | Reached skill level 10 in Fighting
 17940 | Lair:1   | Entered Level 1 of the Lair of Beasts
 17940 | Lair:1   | Noticed a five-headed hydra
 18349 | Lair:1   | Noticed an eight-headed hydra
 19359 | Lair:1   | Killed an eight-headed hydra
 19624 | D:8      | Killed a five-headed hydra
 19922 | Lair:2   | Reached skill level 12 in Axes
 20434 | Lair:2   | Noticed a five-headed hydra
 20447 | Lair:2   | Killed a five-headed hydra
 20904 | Lair:2   | Found a staircase to the Shoals.
 20926 | Lair:2   | Reached XP level 12. HP: 88/110 MP: 15/15
 21329 | Lair:2   | Acquired 830 gold pieces
 21700 | Lair:3   | Noticed a boulder beetle
 21795 | Lair:2   | Killed a boulder beetle
 22137 | Lair:3   | Reached skill level 13 in Axes
 22156 | Lair:3   | Noticed a boulder beetle
 22185 | Lair:3   | Killed a boulder beetle
 22246 | Lair:3   | Noticed Rupert
 23696 | Lair:3   | Found a staircase to the Snake Pit.
 25400 | Lair:3   | Reached skill level 5 in Armour
 26052 | Lair:4   | Reached XP level 13. HP: 33/119 MP: 16/16
 27361 | Lair:5   | Found a staircase to the Slime Pits.
 27841 | Lair:5   | Reached skill level 14 in Axes
 29019 | Lair:6   | Entered Level 6 of the Lair of Beasts
 30707 | Lair:6   | Found a large runed translucent door.
 30708 | Lair:6   | Found a large runed translucent door.
 31884 | Lair:6   | Reached skill level 10 in Dodging
 32880 | Lair:6   | Reached XP level 14. HP: 96/130 MP: 17/17
 33578 | Lair:1   | Acquired a manual of Armour
 33584 | Lair:1   | Acquired a +1 broad axe of distortion
 33748 | Orc:1    | Entered Level 1 of the Orcish Mines
 33949 | Orc:1    | Found Gasia's Antique Armour Boutique.
 34136 | Orc:1    | Noticed an orc warlord
 34217 | Orc:1    | Killed an orc warlord
 34593 | Orc:1    | Found Jogiuvig's Assorted Antiques.
 34598 | Orc:1    | Found Puoreuw's Antique Weapon Emporium.
 34606 | Orc:1    | Bought a scroll labelled JARPHAL IHUA for 28 gold pieces
 34606 | Orc:1    | Bought a scroll labelled KOX KECRAS for 28 gold pieces
 34606 | Orc:1    | Bought a dazzling scale mail for 252 gold pieces
 34606 | Orc:1    | Identified the +0 scale mail "Hialanu" {Will+} (You bought
                  | it in a shop on level 1 of the Orcish Mines)
 34615 | Orc:1    | Found Bilabonn's Antique Armour Shop.
 34651 | Orc:1    | Found Kiargh's Magic Scroll Boutique.
 34658 | Orc:1    | Bought a scroll of amnesia for 38 gold pieces
 34658 | Orc:1    | Bought a scroll of silence for 82 gold pieces
 34658 | Orc:1    | Bought a scroll of identify for 22 gold pieces
 34658 | Orc:1    | Bought a scroll of identify for 22 gold pieces
 35808 | Orc:2    | Entered Level 2 of the Orcish Mines
 36154 | Orc:2    | Noticed an orc warlord
 36342 | Orc:2    | Reached skill level 15 in Axes
 36342 | Orc:2    | Reached skill level 5 in Shields
 36397 | Orc:1    | Killed an orc warlord
 36920 | Orc:2    | Found Rianka's Book Emporium.
 37621 | Orc:2    | Found Oqaxon's General Store.
 37639 | Orc:2    | Bought a scroll of identify for 26 gold pieces
 37688 | Orc:2    | Found Wyp Qado's Jewellery Boutique.
 37790 | Orc:2    | Found Niac's Antique Weapon Shop.
 37859 | Orc:2    | Noticed Saint Roka
 38302 | Orc:2    | Banished Saint Roka
 38746 | Orc:2    | Found Navubuxa's Antique Armour Shoppe.
 38773 | Orc:2    | Bought a transparent helmet for 209 gold pieces
 38773 | Orc:2    | Identified the +0 helmet of Reason {Will+} (You bought it
                  | in a shop on level 2 of the Orcish Mines)
 38773 | Orc:2    | Bought a pair of runed boots for 165 gold pieces
 38773 | Orc:2    | Bought a dazzling plate armour for 616 gold pieces
 38773 | Orc:2    | Identified the +7 plate armour of Proximity {Regen+ Int-5
                  | Stlth+} (You bought it in a shop on level 2 of the Orcish
                  | Mines)
 38773 | Orc:2    | Bought a pair of runed boots for 165 gold pieces
 38867 | Orc:2    | Found a staircase to the Elven Halls.
 39169 | Snake:1  | Entered Level 1 of the Snake Pit
 39280 | Snake:1  | Reached skill level 10 in Armour
 39691 | Snake:1  | Noticed Roxanne
 39702 | Snake:1  | Killed Roxanne
 39703 | Snake:1  | Reached XP level 15. HP: 139/139 MP: 18/18
 39743 | Snake:1  | Noticed Aizul
 39771 | Snake:1  | Killed Aizul
 39773 | Snake:1  | HP: 6/139 [naga sharpshooter/arrow (12)]
 39774 | Snake:1  | HP: 2/139 [naga sharpshooter/arrow (12)]
 40665 | Snake:2  | Reached skill level 15 in Fighting
 41123 | Snake:2  | Noticed Asterion
 41147 | Snake:2  | Killed Asterion
 41807 | Snake:2  | Noticed Vashnia
 41811 | Snake:2  | Reached skill level 16 in Axes
 41820 | Snake:2  | HP: 5/141 [Vashnia/splash of poison (14)]
 43548 | Snake:4  | Entered Level 4 of the Snake Pit
 43629 | Snake:4  | Noticed Bai Suzhen
 43655 | Snake:4  | Noticed a nagaraja
 43657 | Snake:4  | Killed Bai Suzhen
 43658 | Snake:4  | Reached XP level 16. HP: 44/150 MP: 19/19
 44137 | Snake:4  | Found Utai's General Store.
 44158 | Snake:4  | Bought the amulet "Uthunuzxot" {Spirit rC+ rCorr Dex+3
                  | SInv} for 1081 gold pieces
 44668 | Snake:3  | HP: 6/151 [poisoned by a guardian serpent (bolt of poison)]
 44670 | Snake:3  | HP: 2/226 [poisoned by a guardian serpent (bolt of poison)]
 44672 | Snake:3  | Succumbed to a guardian serpent's bolt of poison

Illustrated notes

Levels and vault maps discovered:
D:1:      amcnicky_arrival_underground_garden, layout_basic, serial_shops,
          nicolae_shop_crystal, grunt_decor_clamped
D:2:      layout_loops_ring, nicolae_ecumenical_lake_church,
          minmay_crystal_room, uniq_jessica
D:3:      kennysheep_six_static_rooms, layout_basic, serial_shops,
          nicolae_shop_advertising_works [nicolae_subvault_shop_adworks]
D:4:      layout_loops_ring, minmay_temple_entry_drinking_statues
D:5:      layout_layer_cave, chequers_arboretum, kennysheep_generic_room_6
D:6:      layout_cave_pods, kennysheep_flooded_box, kennysheep_generic_room_13
D:7:      layout_gridville, enter_ossuary_1, serial_shops, nicolae_shop_trees,
          uniq_menkaure
D:8:      layout_basic, lair_entry_dummy, serial_glass, glass_columns_c,
          glass_columns_a, minmay_strange_pillars, item_on_display_a,
          minmay_strange_pillars, minmay_misc_feat_roman, uniq_grum
D:9:      layout_loops_ring, makhleb_altar_promises_db
D:10:     layout_gridville, david_orc_5, nzn_ghost_randoct, abandoned_shop
D:11:     layout_irregular_city, portal_ice_cave_entry_pillars_1, uniq_nergalle
Temple:   mainiacjoe_temple_hex_bubbles
Lair:1:   layout_regular_city
Lair:2:   layout_concentric_octagons, elwin_shoals_entry_stream,
          serial_bayou_lake_a
Lair:3:   layout_loops_ring, minmay_snake_entry_guardpost_small,
          nicolae_volcano_entry_s_turn, roderic_carrion_pond, uniq_rupert
Lair:4:   layout_layer_cave
Lair:5:   layout_layer_cave, minmay_slime_entry_eyes
Lair:6:   cheibrodos_lair_end_hotspot, layout_cave_shapes,
          nicolae_lair_yak_garden
Snake:1:  layout_cave_pods, grunt_megastairs_4, uniq_roxanne, uniq_aizul
Snake:2:  layout_basic, basic_altar, st_stairs_11, grunt_megastairs_5,
          serial_bayou_shore_b, uniq_asterion, uniq_vashnia
Snake:3:  layout_rooms, serial_bayou_pond_a, serial_bayou_shore_b
Snake:4:  hellmonk_snake_rune_quicksilver_temple, layout_misc_corridors,
          serial_shops, shop_fountains, uniq_donald, uniq_agnes, uniq_bai_suzhen
Orc:1:    orc_temple, layout_diamond_mine, serial_shops, shop, shop,
          nicolae_shop_crystal, nicolae_shop_stone, shop,
          nicolae_orc_damp_corner
Orc:2:    grunt_orc_gardens, layout_caves, grunt_orc_garden, grunt_orc_garden,
          grunt_orc_garden, grunt_orc_garden, serial_shops, shop,
          uniq_saint_roka

Skill      XL: |  1  2  3  4  5  6  7  8  9 10 11 12 13 14 15 16 |
---------------+-------------------------------------------------+-----
Axes           | 2 3 4 5 6 7 8 9 10 12 13 14 15 16 | 16.6
Fighting       | 3 4 5 6 7 9 11 12 13 14 15 | 15.9
Armour         | 3 4 5 7 10 13 | 13.7
Dodging        | 2 4 6 8 10 | 10.3
Shields        | 3 4 6 8 9 |  9.2

Action                   |  1- 3 |  4- 6 |  7- 9 | 10-12 | 13-15 | 16-18 || total
-------------------------+-------+-------+-------+-------+-------+-------++-------
Melee: War axe           |    62 |       |       |   286 |   148 |       ||   496
       Hand axe          |    75 |   157 |   240 |       |       |       ||   472
       Mace              |       |       |    78 |   290 |    78 |       ||   446
       Dagger            |       |       |       |    15 |       |       ||    15
       Spear             |       |       |       |   167 |   102 |       ||   269
       Flail             |       |       |       |    45 |   130 |       ||   175
       Broad axe         |       |       |       |       |   856 |    99 ||   955
 Fire: Hunting sling     |       |       |     2 |       |       |       ||     2
Throw: Javelin           |       |     3 |    18 |     7 |     3 |       ||    31
       Dart              |       |       |    15 |     9 |     2 |       ||    26
       Boomerang         |       |       |       |     1 |     2 |       ||     3
       Throwing net      |       |       |       |       |     1 |       ||     1
Evoke: Wand              |       |       |    14 |    31 |     3 |       ||    48
       Tin of tremorston |       |       |       |     2 |       |       ||     2
       Condenser vane    |       |       |       |     1 |     1 |       ||     2
  Use: Scroll            |       |       |     6 |    12 |    15 |       ||    33
       Potion            |       |       |       |     6 |     8 |     3 ||    17
 Stab: Sleeping          |       |       |     2 |       |       |       ||     2
       Paralysed         |       |       |       |    10 |       |       ||    10
Armor: Scale mail        |    58 |    24 |     8 |       |       |       ||    90
       Chain mail        |       |    32 |       |       |       |       ||    32
       Ring mail         |       |       |    84 |   229 |    86 |       ||   399
       Troll leather arm |       |       |    18 |     4 |       |       ||    22
       Fire dragon scale |       |       |       |     2 |   118 |       ||   120
       Plate armour      |       |       |       |       |   220 |    36 ||   256
Dodge: Dodged            |    64 |    54 |   176 |   455 |   565 |    26 ||  1340
Block: Buckler           |    24 |    19 |    68 |   206 |   382 |    27 ||   726
       Kite shield       |       |       |       |    47 |       |       ||    47

Table legend: (Time is in decaauts)
 A = Elapsed time spent in this place.
 B = Non-inter-level travel time spent in this place.
 C = Inter-level travel time spent in this place.
 D = Time resting spent in this place.
 E = Time spent auto-exploring this place.
 F = Levels seen in this place.
 G = Mean time per level.
                   A        B        C        D        E       F      G
               +--------+--------+--------+--------+--------+-----+--------+
         Total |  44625 |  42804 |   1821 |  14377 |  17904 |  26 | 1716.3 |
       Dungeon |  15792 |  14938 |    854 |   3912 |   7170 |  11 | 1435.6 |
        Temple |    239 |    239 |      0 |    198 |      0 |   1 |  239.0 |
          Lair |  15273 |  14525 |    748 |   4676 |   6671 |   6 | 2545.5 |
     Snake Pit |   5425 |   5328 |     97 |   1932 |   1738 |   4 | 1356.2 |
  Orcish Mines |   5169 |   5048 |    121 |   2296 |   1671 |   2 | 2584.5 |
       Ossuary |    135 |    135 |      0 |      0 |     18 |   1 |  135.0 |
      Ice Cave |   2589 |   2589 |      0 |   1360 |    634 |   1 | 2589.0 |
               +--------+--------+--------+--------+--------+-----+--------+

Top non-repeatable levels by time:
  Lair:6: 4009 daAuts
   Orc:1: 3222 daAuts
  Lair:4: 2600 daAuts
   IceCv: 2589 daAuts
  Lair:2: 2583 daAuts
  Lair:5: 2174 daAuts
  Lair:3: 2043 daAuts
     D:5: 1955 daAuts
   Orc:2: 1946 daAuts
     D:8: 1921 daAuts
  Lair:1: 1862 daAuts
     D:4: 1858 daAuts
    D:10: 1722 daAuts
 Snake:1: 1700 daAuts
     D:7: 1607 daAuts
